AoeStats
← Yorshka

Arabia

508186121Analyzed
1v1 RM · 12d ago on Sep 21, 2026· 47m 24s· 2 players
Game mode
Random Map
Map size
Tiny (2 player)
Population
200
Speed
Normal
Resources
Standard
Victory
Conquest
Starting age
Dark Age
Ending age
Imperial Age
RankedLock teamsTeams togetherTeam positionsShared explorationLock speedFull tech treeHidden civsTurbo modeCheats
Victory
Defeat
🇨🇳 Italians · China
1990
+15
🇵🇰 Burmese · Pakistan
1975
-15
Aaag Boy 1
6:50 Loom
9:05 Feudal Age
9:22 Man-at-Arms
20:25 Castle Age
19:10 Bloodlines
19:40 Scale Barding Armor
20:21 Forging
32:45 Wheelbarrow
36:00 Imperial Age
33:51 Scale Mail Armor
33:15 Long Swordsman
34:35 Gambesons
35:33 Chain Mail Armor
35:53 Iron Casting
35:22 Horse Collar
35:56 Squires
36:06 Two-Handed Swordsman
37:08 Conscription
38:22 Plate Mail Armor
38:05 Champion
41:23 Light Cavalry
42:04 Husbandry
41:58 Hussar
43:18 Chain Barding Armor
43:25 Manipur Cavalry
46:02 Plate Barding Armor
Yorshka
5:37 Loom
6:27 Loom
8:34 Feudal Age
9:26 Double-Bit Axe
14:17 Horse Collar
20:34 Castle Age
19:08 Gold Mining
21:35 Bow Saw
21:53 Heavy Plow
26:02 Wheelbarrow
25:53 Sanctity
26:01 Scale Mail Armor
25:28 Crossbowman
26:16 Fletching
28:11 Bodkin Arrow
32:10 Imperial Age
29:56 Stone Mining
30:41 Town Watch
31:14 Hand Cart
32:51 Thumb Ring
32:53 Bracer
33:55 Chemistry
33:32 Ballistics
32:42 Light Cavalry
33:42 Padded Archer Armor
34:01 Bloodlines
34:27 Scale Barding Armor
35:00 Silk Road
35:20 Leather Archer Armor
35:21 Husbandry
35:55 Chain Barding Armor
36:30 Forging
36:49 Conscription
37:44 Plate Barding Armor
37:34 Masonry
39:11 Two-Man Saw
38:52 Iron Casting
39:41 Pirotechnia
41:21 Ring Archer Armor
42:30 Blast Furnace
42:52 Architecture
42:04 Treadmill Crane
42:31 Hussar
44:09 Hoardings
45:40 Crop Rotation
Connection lost

Rejoining the realm…

Still unreachable

The connection could not be restored.

Session expired

The server has moved on; the page needs a fresh start.